 Dungeon Crawl Stone Soup version 0.30.0-5-g1a98f26d00 (webtiles) character file.

Game seed: 4343396707292388026

308 Cheops the Ruffian (level 6, 0/51 HPs)
             Began as a Ghoul Monk on May 9, 2023.
             Slain by a black bear (12 damage)
             ... on level 4 of the Dungeon.
             The game lasted 00:04:26 (2453 turns).

Cheops the Ruffian (Ghoul Monk)                     Turns: 2453, Time: 00:04:27

Health: 0/51       AC:  2    Str: 17    XL:     6   Next: 40%
Magic:  5/5        EV: 12    Int:  5    God:
Gold:   239        SH:  0    Dex: 11    Spells: 5/5 levels left

rFire   . .          .
                       - Unarmed
rCold   + . .        c - orb {light}
rNeg    + + +        a - +0 robe
rPois   ∞            (no helmet)
rElec   .            (no cloak)
rCorr   .            (no gloves)
SInv    .            (no boots)
Will    .....        (no amulet)
Stlth   +            (no ring)
HPRegen 0.00/turn    (no ring)
MPRegen 0.09/turn

%: no passive effects
@: inhibited regen, glowing
A: claws 1, cold resistance 1, negative energy resistance 3, inhibited
regeneration, torment resistance 2, devour on kill
a: no special abilities


You were on level 4 of the Dungeon.
You visited 1 branch of the dungeon, and saw 4 of its levels.

You collected 239 gold pieces.

Inventory:

Armour
 a - a +0 robe (worn)
 c - an orb of light (worn)
Magical Staves
 l - a staff of poison
 n - a staff of fire
Wands
 t - a wand of flame (16)
Scrolls
 d - 2 scrolls of identify {unknown}
 e - 2 scrolls of fear {unknown}
 h - 2 scrolls of vulnerability {unknown}
 i - 2 scrolls of enchant armour {unknown}
 j - a scroll of silence {unknown}
 k - a scroll of teleportation {unknown}
 m - 2 scrolls of fog {unknown}
 r - a scroll of summoning {unknown}
Potions
 b - a potion of ambrosia
 f - 2 potions of curing {unknown}
 g - 2 potions of heal wounds {unknown}
 o - 2 potions of attraction {unknown}
 p - a potion of mutation {unknown}
 q - a potion of might {unknown}
 s - a potion of magic {unknown}


   Skills:
 - Level 3.2 Fighting
 - Level 2.6 Dodging
 * Level 7.7 Unarmed Combat
 + Level 0.0 Evocations


You had 5 spell levels left.
You didn't know any spells.
Your spell library contained the following spells:

 Spells                   Type           Power      Damage    Failure   Level
 Sandblast                Erth           0%         2d4       47%         1
 Blink                    Tloc           0%         N/A       63%         2
 Passwall                 Tmut/Erth      0%         N/A       63%         2
 Stone Arrow              Conj/Erth      0%         3d7       85%         3
 Manifold Assault         Tloc           0%         N/A       99%         4
 Storm Form               Tmut/Air       Unusable   N/A       N/A         7

Dungeon Overview and Level Annotations

Branches:
Dungeon (4/15)
 Temple: D:4-7

Altars:


Innate Abilities, Weirdness & Mutations

You are immune to poison.
You have sharp fingernails.
Your flesh is cold resistant. (rC+)
You are immune to negative energy. (rN+++)
You do not regenerate when monsters are visible.
You are immune to unholy pain and torment.
You thrive by killing the living.


Message History

A black bear is nearby!
A black bear is nearby!
You scratch the black bear.
The black bear is lightly wounded.
The black bear bites you! The black bear closely misses you.
The black bear misses you.
You scratch the black bear.
The black bear is lightly wounded.
The black bear bites you!
The black bear claws you but does no damage.
The black bear claws you.
You are too injured to fight recklessly!
You are too injured to fight recklessly!
You are too injured to fight recklessly!
You claw the black bear!
The black bear is heavily wounded.
The black bear bites you!
* * * LOW HITPOINT WARNING * * *
The black bear closely misses you. The black bear claws you.
* * * LOW HITPOINT WARNING * * *
You scratch the black bear.
The black bear is severely wounded.
The black bear bites you.
* * * LOW HITPOINT WARNING * * *
The black bear closely misses you. The black bear claws you.
* * * LOW HITPOINT WARNING * * *
You scratch the black bear.
The black bear is severely wounded.
You scratch the black bear.
The black bear is severely wounded.
The black bear barely misses you. The black bear claws you.
* * * LOW HITPOINT WARNING * * *
The black bear misses you.
You barely miss the black bear.
The black bear is severely wounded.
The black bear goes berserk!
You scratch the black bear but do no damage.
The black bear is severely wounded.
The black bear bites you!
You die...

###########
#.....>...##.....#####
#............ .......
#.....................
#....@h........#.....
#....#######...#....
#..........+...+...##+
####.#.....#...#.#.##.
#.#....>...........
#.#.........#.#.#<.
#.#......<.........
#.#.........#.#....
#.##+#......#.#....


You could see a black bear (berserk).

Vanquished Creatures
  An ice beast (D:4)
  A scorpion (D:4)
  An iguana (D:4)
  Jessica (D:2)
  An orc wizard (D:4)
  An adder (D:2)
  3 dart slugs
  8 orcs (D:4)
  4 ball pythons
  5 bats
  2 endoplasms
  2 giant cockroaches (D:4)
  6 goblins
  5 hobgoblins
  4 jackals (D:1)
  5 kobolds
  A quokka (D:4)
  A frilled lizard (D:3)
  4 rats
56 creatures vanquished.

Notes
Turn   | Place    | Note
-------+----------+-------------------------------------------
     0 | D:1      | Cheops the Ghoul Monk began the quest for the Orb.
     0 | D:1      | Reached XP level 1. HP: 19/19 MP: 0/0
    77 | D:1      | Reached XP level 2. HP: 26/26 MP: 1/1
    85 | D:1      | Reached skill level 4 in Unarmed Combat
   744 | D:2      | Reached XP level 3. HP: 31/31 MP: 2/2
  1104 | D:2      | Noticed Jessica
  1114 | D:2      | Killed Jessica
  1115 | D:2      | Reached skill level 5 in Unarmed Combat
  1115 | D:2      | Reached XP level 4. HP: 36/38 MP: 3/3
  1214 | D:2      | Found a faded altar of an unknown god.
  1893 | D:4      | Noticed an ice beast
  1975 | D:4      | Reached skill level 6 in Unarmed Combat
  1975 | D:4      | Reached XP level 5. HP: 11/45 MP: 4/4
  2261 | D:4      | Killed an ice beast
  2262 | D:4      | Reached skill level 7 in Unarmed Combat
  2262 | D:4      | Reached XP level 6. HP: 24/51 MP: 5/5
  2442 | D:4      | Noticed a black bear
  2453 | D:4      | Slain by a black bear

Illustrated notes

Levels and vault maps discovered:
D:1:      scummos_arrival_gate, layout_basic, serial_aquarium,
          aquarium_bridge_straight [aquarium_subvault_bridge,
          aquarium_subvault_window, aquarium_subvault_bridge,
          aquarium_subvault_wall], aquarium_bridge_straight
          [aquarium_subvault_bridge, aquarium_subvault_balcony,
          aquarium_subvault_bridge, aquarium_subvault_window],
          aquarium_window_corridor_1, aquarium_window_fake,
          aquarium_window_fake, aquarium_window_1, aquarium_view_2b,
          aquarium_view_2d
D:2:      layout_basic, hellmonk_ecumenical_altar_heavens_door, hex_large,
          hangedman_decor_points, minivault_11, uniq_jessica
D:3:      layout_basic, serial_rivers, chequers_serial_rivers_micro_e,
          chequers_serial_rivers_micro_e, chequers_serial_rivers_micro_d,
          chequers_serial_rivers_small_a, chequers_serial_rivers_micro_e,
          chequers_serial_rivers_micro_a
D:4:      layout_basic, temple_statues, serial_bayou_crossing

Skill      XL: |  1  2  3  4  5 |
---------------+----------------+-----
Unarmed Combat | 4 5 6 7 |  7.7
Fighting       | |  3.2
Dodging        | |  2.6

Action                     |  1- 3 |  4- 6 || total
---------------------------+-------+-------++-------
  Melee: Unarmed           |    77 |    88 ||   165
 Armour: Robe              |    17 |    12 ||    29
  Dodge: Dodged            |    45 |    38 ||    83
